 Dungeon Crawl Stone Soup version 0.27.1-3-gb3d3a73c9e (webtiles) character file.

Game seed: 16453430123818003089

34 belegose the Vexing (level 3, -4/29 HPs)
             Began as a Ghoul Arcane Marksman on Oct 5, 2021.
             Slain by a gnoll (5 damage)
             ... on level 1 of the Dungeon.
             The game lasted 00:02:47 (2121 turns).

belegose the Vexing (Ghoul Arcane Marksman)         Turns: 2121, Time: 00:02:47

Health: -4/29      AC:  2    Str: 14    XL:     3   Next: 31%
Magic:  3/3        EV: 12    Int:  8    God:
Gold:   73         SH:  0    Dex:  9    Spells: 3/4 levels left

rFire    . . .     SeeInvis .   g - +0 short sword
rCold    + . .     Faith    .   (no shield)
rNeg     + + +     Spirit   .   a - +0 robe
rPois    ∞         Reflect  .   (no helmet)
rElec    .         Harm     .   (no cloak)
rCorr    .         Rampage  .   (no gloves)
Will     .....                  (no boots)
Stlth    +.........             (no amulet)
HPRegen  0.00/turn              (no ring)
MPRegen  0.08/turn              (no ring)

@: inhibited regen
A: claws 1, cold resistance 1, negative energy resistance 3, inhibited
regeneration, torment resistance 2
a: no special abilities


You were on level 1 of the Dungeon.
You visited 1 branch of the dungeon, and saw 2 of its levels.

You collected 73 gold pieces.

Inventory:

Hand Weapons
 g - a +0 short sword (weapon)
Missiles
 b - 5 javelins (quivered)
 c - 2 throwing nets
Armour
 a - a +0 robe (worn)
Jewellery
 f - a ring of protection from cold
Scrolls
 d - a scroll of identify {unknown}
 e - a scroll of fear {unknown}
 h - a scroll of amnesia {unknown}
Potions
 i - a potion of curing


   Skills:
 + Level 2.1 Fighting
 + Level 2.3 Throwing
 + Level 1.2 Armour
 - Level 1.7 Dodging
 - Level 1.0 Spellcasting
 - Level 2.4 Hexes


You had 3 spell levels left.
You knew the following spells:

 Your Spells              Type           Power      Damage    Failure   Level
a - Corona                Hex            4%         N/A       16%         1

Your spell library contained the following spells:

 Spells                   Type           Power      Damage    Failure   Level
 Slow                     Hex            4%         N/A       22%         2
 Inner Flame              Hex/Fire       2%         N/A       58%         3
 Portal Projectile        Hex/Tloc       4%         N/A       58%         3
 Cause Fear               Hex            2%         N/A       83%         4


Dungeon Overview and Level Annotations

Branches:
Dungeon (2/15)

Altars:


Innate Abilities, Weirdness & Mutations

You thrive by killing the living.
You are immune to poison.
You have sharp fingernails.
Your flesh is cold resistant. (rC+)
You are immune to negative energy. (rN+++)
You do not regenerate when monsters are visible.
You are immune to unholy pain and torment.


Message History

Partly explored, can't reach some places.
Partly explored, can't reach some places.
There is an open door here.
There is an open door here.
There is a stone staircase leading down here.
Search for what [? for help]? body You climb downwards.
The gnoll shouts! x2; You hear a shout!
There is a stone staircase leading up here.
The gnoll closely misses you.
You climb upwards.
There is a stone staircase leading down here.
Unknown command.
You hit the gnoll but do no damage. The gnoll misses you.
You completely miss the gnoll. The gnoll hits you with a +0 whip.
You closely miss the gnoll. The gnoll misses you.
You barely miss the gnoll. The gnoll hits you with a +0 whip.
You closely miss the gnoll. The gnoll hits you with a +0 whip!
You hit the gnoll.
The gnoll is lightly wounded.
The gnoll closely misses you.
You hit the gnoll.
The gnoll is moderately wounded.
The gnoll barely misses you.
You closely miss the gnoll.
The gnoll is moderately wounded.
The gnoll hits you with a +0 whip!
* * * LOW HITPOINT WARNING * * *
There is an open door here.
You aren't carrying any items that you can evoke.
It was a potion of curing.
You feel better. The gnoll hits you with a +0 whip!
* * * LOW HITPOINT WARNING * * *
You barely miss the gnoll.
The gnoll is lightly wounded.
The gnoll hits you with a +0 whip.
* * * LOW HITPOINT WARNING * * *
You hit the gnoll but do no damage.
The gnoll is lightly wounded.
The gnoll hits you with a +0 whip.
You die...

#.# ###...#.#........
#.# #...##.........
#.# ##.#...........
#.# #.............
### #######.###
#########..... ..#
#.........# ######
#.# #.#####.#.# ###
..####.#####.#.######
###≈≈
##.##...##......@g..#
###≈≈≈.
#....#........####.#
#≈≈≈≈≈.
##.##...##.....#
#.#####≈≈##≈###
..####.####....#
#.#..#### ##
....##.........#
#.#.....###
.##.########.###
#.#.......## .##.#
#.# #.#........##
....# ##'##
#.#.........# # ###.#
##...##
##.#.........###


You could see a gnoll.

Vanquished Creatures
  A dart slug (D:1)
  2 endoplasms (D:1)
  2 giant cockroaches (D:1)
  4 goblins (D:1)
  2 hobgoblins (D:1)
  5 quokkas (D:1)
  4 ball pythons (D:1)
  2 bats (D:1)
  2 kobolds (D:1)
  4 rats (D:1)
28 creatures vanquished.

Notes
Turn   | Place    | Note
-------+----------+-------------------------------------------
     0 | D:1      | belegose the Ghoul Arcane Marksman began the quest for the
                  | Orb.
     0 | D:1      | Reached XP level 1. HP: 16/16 MP: 1/1
   549 | D:1      | Reached XP level 2. HP: 20/23 MP: 2/2
   654 | D:1      | HP: 1/23 [bat (1)]
  1173 | D:1      | Reached skill level 1 in Armour
  1237 | D:1      | Reached XP level 3. HP: 23/29 MP: 3/3
  2120 | D:1      | HP: 1/29 [gnoll (4)]
  2121 | D:1      | Slain by a gnoll

Illustrated notes

Levels and vault maps discovered:
D:1:      dpeg_cavernosity, layout_loops_corners, minmay_misc_feat_secret_circle
D:2:      minmay_skewed_foursquare, layout_rooms

Skill      XL: |  1  2 |
---------------+-------+-----
Throwing       | 2 |  2.3
Armour         | 1 |  1.2
Fighting       | 2 |  2.1
Dodging        | |  1.7
Spellcasting   | |  1.0
Hexes          | |  2.4

Action                   || total
-------------------------++-------
Melee: Unarmed           ||    68
       Short sword       ||    93
  Use: Potion            ||     1
Armor: Robe              ||    40
Dodge: Dodged            ||   121
